cohdb
Replays
Latest Replays
All Replays
Popular Replays
Top Player Replays
Match Explorer
How It Works
Community
CoH3 Stats
Reddit
Sign in to upload your games and track your stats! →
Sign in with Steam
Match 43823995
Unlisted
Match 43823995
Overview
Messages
Build Orders
End
Construct Weapon Support Center
Engineer Squad
Selects Heavy Weapons
M1919 Machine Gun Team
M1919 Machine Gun Team
M1919 Machine Gun Team
Infantry Support Center
Bazooka Squad
M3 Armored Personnel Carrier
Selects Assault Carriers
Construct Medical Station
M3 Assault Carrier
M1919 Machine Gun Team
Survival Training
Selects M2HB .50cal Heavy Machine Gun
M3 Assault Carrier
Selects Rapid Reposition
M3 Assault Carrier
M3 Assault Carrier
M1919 Machine Gun Team
Engineer Squad
Selects Bolstered Team Weapons
Selects Halftrack Strongpoints
Bazooka Squad
Bazooka Squad
Advanced Logistics
M3 Assault Carrier
Selects M26 Pershing Heavy Tank
Barbarossa
她说人多以为有我
0
0
Comments
sign in to comment!
No comments posted yet!